AoeStats
← fede86sando

Yucatan

510848963Analyzed
2v2 RM · 21h ago on Oct 2, 2026· 58m 53s· 4 players
Game mode
Random Map
Map size
Medium (4 player)
Population
200
Speed
Normal
Resources
Standard
Victory
Conquest
Starting age
Dark Age
Ending age
Imperial Age
RankedLock teamsTeams togetherTeam positionsShared explorationLock speedFull tech treeHidden civsTurbo modeCheats
Victory
Defeat
🇳🇴 Maya · Norway
1077
+14
🇳🇴 Vikings · Norway
1038
+16
🇮🇹 Byzantines · Italy
1112
-18
🇮🇹 Franks · Italy
959
-12
fede86sando
9:24 Loom
12:17 Feudal Age
16:24 Castle Age
14:23 Double-Bit Axe
15:48 Gold Mining
15:53 Stone Mining
17:25 Fletching
18:26 Wheelbarrow
21:43 Bow Saw
26:32 Hand Cart
26:18 Pikeman
33:15 Imperial Age
31:02 Horse Collar
33:03 Scale Barding Armor
33:14 Forging
33:39 Elite Skirmisher
34:56 Thumb Ring
35:36 Padded Archer Armor
35:33 Bodkin Arrow
36:30 Conscription
37:25 Leather Archer Armor
37:11 Bracer
38:00 Ballistics
38:56 Chemistry
39:29 Ring Archer Armor
40:32 Elite Cataphract
47:13 Chain Barding Armor
APC
10:42 Feudal Age
11:37 Double-Bit Axe
13:01 Loom
18:15 Castle Age
16:43 Forging
16:25 Gold Mining
17:40 Scale Barding Armor
20:54 Wheelbarrow
20:31 Bow Saw
20:38 Stone Mining
24:00 Scale Mail Armor
33:36 Imperial Age
32:13 Iron Casting
32:38 Gold Shaft Mining
32:39 Hand Cart
35:34 Blast Furnace
34:26 Cavalier
35:31 Chain Barding Armor
39:23 Chain Barding Armor
38:53 Fletching
39:26 Chain Mail Armor
41:07 Fletching
55:36 Plate Mail Armor
55:27 Chain Barding Armor
55:02 Bodkin Arrow
Berge
0:38 Loom
10:50 Feudal Age
12:50 Horse Collar
15:40 Castle Age
16:51 Heavy Plow
16:53 Double-Bit Axe
19:52 Fletching
24:58 Padded Archer Armor
25:49 Gold Mining
29:45 Wheelbarrow
28:56 Eagle Warrior
29:57 Bodkin Arrow
29:32 Elite Skirmisher
30:54 Hul'che Javelineers
31:16 Thumb Ring
31:49 Hand Cart
31:43 Town Watch
31:48 Pikeman
32:16 Arson
32:33 Squires
33:11 Ballistics
33:44 Leather Archer Armor
34:17 Town Patrol
36:59 Imperial Age
35:47 Forging
35:37 Scale Mail Armor
37:04 Elite Plumed Archer
37:24 Halberdier
39:32 Bracer
42:30 Elite Eagle Warrior
46:36 Holcans
47:57 Conscription
48:20 Iron Casting
48:00 Chain Mail Armor
PIGGI A MAND!!!
2:15 Loom
10:58 Feudal Age
11:40 Double-Bit Axe
17:09 Castle Age
15:07 Horse Collar
15:33 Gold Mining
22:37 Town Watch
25:02 Heavy Plow
27:05 Bow Saw
30:15 Imperial Age
28:30 Stone Mining
28:22 Light Cavalry
29:10 Squires
29:05 Pikeman
30:20 Forging
33:12 Two-Man Saw
33:51 Gold Shaft Mining
35:50 Iron Casting
35:15 Scale Mail Armor
38:48 Crop Rotation
41:01 Chieftains
41:21 Conscription
44:14 Chain Mail Armor
45:56 Elite Berserk
50:05 Blast Furnace
49:35 Plate Mail Armor
49:10 Scale Barding Armor
50:47 Ballistics
51:28 Chemistry
Connection lost

Rejoining the realm…

Still unreachable

The connection could not be restored.

Session expired

The server has moved on; the page needs a fresh start.